 Dungeon Crawl Stone Soup version 0.30-a0-779-g7971cf19c3 (webtiles) character file.

Game seed: 2214294621108829333

234 Farfigtubin the Sneak (level 6, -2/32 HPs)
             Began as a Kobold Enchanter on Feb 17, 2023.
             Slain by Robin
             ... wielding a +0 spear
              (5 damage)
             ... on level 2 of the Dungeon.
             The game lasted 00:21:29 (1757 turns).

Farfigtubin the Sneak (Kobold Enchanter)            Turns: 1757, Time: 00:21:29

Health: -2/32      AC:  3    Str:  6    XL:     6   Next: 26%
Magic:  2/10       EV: 13    Int: 16    God:
Gold:   45         SH:  0    Dex: 17    Spells: 6/11 levels left

rFire   . . .      SeeInvis .    a - +1 dagger
rCold   . . .      Faith    .    (no shield)
rNeg    . . .      Spirit   .    b - +0 robe
rPois   .          Reflect  .    (no helmet)
rElec   .          Harm     .    g - +0 cloak
rCorr   .          Rampage  .    (no gloves)
Will    .....                    (no boots)
Stlth   ++++                     (no amulet)
HPRegen 0.25/turn                (no ring)
MPRegen 0.12/turn                (no ring)

@: grasped by roots, constricted
A: small, no large weapons, nightstalker 3
a: no special abilities


You were on level 2 of the Dungeon.
You visited 1 branch of the dungeon, and saw 3 of its levels.

You collected 115 gold pieces.
You spent 70 gold pieces at shops.

Inventory:

Hand Weapons
 a - a +1 dagger (weapon)
Missiles
 j - a throwing net
 n - 8 stones
Armour
 b - a +0 robe (worn)
 g - a +0 cloak (worn)
Scrolls
 d - 2 scrolls of identify
 e - 2 scrolls of enchant weapon
 f - a scroll of torment {unknown}
 h - a scroll of blinking
 k - a scroll of immolation {unknown}
 l - a scroll of teleportation {unknown}
 o - a scroll of poison {unknown}
Potions
 c - a potion of invisibility
 i - a potion of curing {unknown}
 m - 2 potions of degeneration {unknown}


   Skills:
 * Level 4.2 Short Blades
 + Level 3.6 Dodging
 + Level 5.1 Stealth
 + Level 3.0 Spellcasting
 + Level 3.7 Hexes
 + Level 1.4 Ice Magic


You had 6 spell levels left.
You knew the following spells:

 Your Spells              Type           Power      Damage    Failure   Level
a - Ensorcelled Hibernat  Hex/Ice        20%        N/A       10%         2
b - Confusing Touch       Hex            14%        N/A       12%         3

Your spell library contained the following spells:

 Spells                   Type           Power      Damage    Failure   Level
 Freeze                   Ice            28%        1d5       11%         1
 Tukima's Dance           Hex            14%        N/A       12%         3
 Dazzling Flash           Conj/Hex       16%        N/A       26%         3
 Frozen Ramparts          Ice            14%        1d3       30%         3
 Hailstorm                Conj/Ice       4%         3d4       38%         3


Dungeon Overview and Level Annotations

Branches:
Dungeon (3/15)

Altars:

Shops:
D:3 !

Annotations:
D:2 1 runed translucent door, Crazy Yiuf, Robin


Innate Abilities, Weirdness & Mutations

You are small and have problems with some larger weapons.
You are completely attuned to the shadows.


Message History

Crazy Yiuf grits, "Spliff mumblescurry Orb Guardian!"
Crazy Yiuf cries, "Two down ragdoll!"
The goblin misses you. The goblin hits you with a +0 club.
Aiming: Ensorcelled Hibernation (safe; 10% risk of failure)
Press: ? - help, Q - select action, (/) - cycle Shift-Dir - straight line, f - goblin
Aim: a goblin, wielding a +0 club (chance to affect: 62%)
The goblin looks drowsy...
Crazy Yiuf screams, "Gnoll!"
The helpless goblin fails to defend itself.
You perforate the goblin like a sieve!!!
You kill the goblin!
Aiming: Ensorcelled Hibernation (safe; 10% risk of failure)
Press: ? - help, Q - select action, (/) - cycle Shift-Dir - straight line, f - hobgoblin
Aim: a hobgoblin (chance to affect: 62%)
The hobgoblin resists with significant effort.
The hobgoblin misses you.
Robin roars a battlecry!
The hobgoblins go into a battle-frenzy!
You hear a shout! x2
You hit the hobgoblin.
The hobgoblin is severely wounded.
Crazy Yiuf cries, "Gum return to song mobile!"
The hobgoblin hits you.
You hit the hobgoblin.
You kill the hobgoblin!
Robin zaps a wand.
The roots erupt in riotous growth!
The hobgoblin is unaffected.
The grasping roots grab you! The grasping roots constrict you.
You barely miss the hobgoblin. You closely miss the hobgoblin.
The hobgoblin hits you.
* * * LOW HITPOINT WARNING * * *
The grasping roots constrict you.
* * * LOW HITPOINT WARNING * * *
You hit the hobgoblin but do no damage.
You punch the hobgoblin, but do no damage.
The hobgoblin barely misses you.
Robin hits you from afar with a +0 spear.
You die...

.........##.........##.#..# #.
................##...#.##.######.
....#######......#.#....)....g...
..... ###############.######.
.†.## #.######g .....
#######.#.....g ..... ##
###g#g..g........ .....
...##gg#.gg.......... ....
..g+@####.g.......... ... )..###
##g...#...... ... ## ########....
##..... ....!.# #......
......########### ####......
..............#.# #..#...(..
#.............#.# #.........
#<.........#.#####....÷....


You could see Crazy Yiuf, Robin and 2 hobgoblins.

Vanquished Creatures
  Sigmund (D:2)
  Terence (D:2)
  2 worms (D:2)
  A dart slug (D:2)
  An orc (D:3)
  2 bats (D:3)
  4 endoplasms
  A giant cockroach (D:2)
  8 goblins
  3 hobgoblins
  2 kobolds
  3 quokkas
  4 ball pythons
  2 frilled lizards
  3 rats
38 creatures vanquished.

Notes
Turn   | Place    | Note
-------+----------+-------------------------------------------
     0 | D:1      | Farfigtubin the Kobold Enchanter began the quest for the
                  | Orb.
     0 | D:1      | Reached XP level 1. HP: 10/10 MP: 3/3
   319 | D:1      | Reached XP level 2. HP: 15/15 MP: 5/5
   330 | D:1      | Learned a level 2 spell: Ensorcelled Hibernation
   445 | D:1      | Found a faded altar of an unknown god.
   684 | D:2      | Noticed Sigmund
   799 | D:2      | Reached XP level 3. HP: 19/19 MP: 1/6
  1167 | D:3      | Found Axap's Distillery.
  1178 | D:3      | Bought a potion of heal wounds for 70 gold pieces
  1322 | D:2      | Noticed Robin
  1458 | D:2      | Killed Sigmund
  1459 | D:2      | Reached skill level 5 in Stealth
  1459 | D:2      | Reached skill level 1 in Ice Magic
  1459 | D:2      | Reached XP level 4. HP: 12/24 MP: 2/8
  1459 | D:2      | Reached XP level 5. HP: 14/28 MP: 2/9
  1459 | D:2      | Reached XP level 6. HP: 16/32 MP: 2/10
  1582 | D:2      | Noticed Terence
  1587 | D:2      | Killed Terence
  1678 | D:2      | Learned a level 3 spell: Confusing Touch
  1714 | D:2      | Found a runed translucent door.
  1717 | D:2      | Noticed Crazy Yiuf
  1757 | D:2      | Slain by Robin

Illustrated notes

Levels and vault maps discovered:
D:1:      psy_arrival_wood_between_worlds, layout_basic,
          hellmonk_ecumenical_altar_lost_god, bh_walls_and_bars
D:2:      layout_rooms, basic_altar, uniq_sigmund, uniq_crazy_yiuf_cottage,
          uniq_robin, uniq_terence
D:3:      layout_loops_corners, mainiacjoe_overflow_alcove_2,
          mainiacjoe_overflow_cross_hatched, serial_shops,
          nicolae_shop_advertising_works [nicolae_subvault_shop_adworks]

Skill      XL: |  1  2  3  4  5  6 |
---------------+-------------------+-----
Short Blades   | 2 4 |  4.2
Dodging        | 3 |  3.6
Stealth        | 5 |  5.1
Ice Magic      | 1 |  1.4
Spellcasting   | 3 |  3.0
Hexes          | |  3.7

Action                     |  1- 3 |  4- 6 || total
---------------------------+-------+-------++-------
  Melee: Dagger            |    41 |    16 ||    57
         Punch             |       |     1 ||     1
   Cast: Ensorcelled Hiber |    25 |     9 ||    34
    Use: Potion            |     2 |       ||     2
         Scroll            |       |     2 ||     2
   Stab: Sleeping          |    26 |     6 ||    32
 Armour: Robe              |     7 |     2 ||     9
  Dodge: Dodged            |    56 |    18 ||    74

Table legend: (Time is in decaauts)
 A = Elapsed time spent in this place.
 B = Non-inter-level travel time spent in this place.
 C = Inter-level travel time spent in this place.
 D = Time resting spent in this place.
 E = Time spent auto-exploring this place.
 F = Levels seen in this place.
 G = Mean time per level.
                   A        B        C        D        E       F      G
               +--------+--------+--------+--------+--------+-----+--------+
         Total |   1749 |   1749 |      0 |    331 |      0 |   3 |  583.0 |
       Dungeon |   1749 |   1749 |      0 |    331 |      0 |   3 |  583.0 |
               +--------+--------+--------+--------+--------+-----+--------+

Top non-repeatable levels by time:
     D:1: 713 daAuts
     D:2: 634 daAuts
     D:3: 401 daAuts
